 Dungeon Crawl Stone Soup version 0.23.2-1-ga50397a (webtiles) character file.

Game seed: 9839845676733919506

10 Goblin1989 the Firebug (level 2, -2/19 HPs)
             Began as a Demonspawn Fire Elementalist on Apr 23, 2019.
             Slain by a gnoll
             ... wielding a +0 whip
              (7 damage)
             ... on level 1 of the Dungeon.
             The game lasted 00:01:58 (542 turns).

Goblin1989 the Firebug (DsFE)                        Turns: 542, Time: 00:01:59

Health: -2/19      AC:  2    Str:  8    XL:     2   Next: 10%
Magic:  0/5        EV: 12    Int: 16    God:
Gold:   7          SH:  0    Dex: 13    Spells: 4/5 levels left

rFire    . . .     SeeInvis .   g - -2 whip (curse)
rCold    . . .     Gourm    .   (no shield)
rNeg     . . .     Faith    .   a - +0 robe
rPois    .         Spirit   .   (no helmet)
rElec    .         Reflect  .   (no cloak)
rCorr    .         Harm     .   (no gloves)
MR       .....                  (no boots)
Stlth    ++........             (no amulet)
HPRegen  0.06/turn              (no ring)
MPRegen  0.09/turn              (no ring)

@: very slightly contaminated
A: powered by pain 1
a: no special abilities


You were on level 1 of the Dungeon.
You were not hungry.

You visited 1 branch of the dungeon, and saw 1 of its levels.

You collected 7 gold pieces.

Inventory:

Hand Weapons
 g - a cursed -2 whip (weapon)
Armour
 a - a +0 robe (worn)
Comestibles
 e - 2 rations
 h - a chunk of flesh


   Skills:
 - Level 1.7 Dodging
 - Level 1.7 Stealth
 + Level 2.1 Spellcasting
 * Level 1.5 Conjurations
 * Level 2.9 Fire Magic


You had 4 spell levels left.
You knew the following spells:

 Your Spells              Type           Power        Failure   Level  Hunger
a - Flame Tongue          Conj/Fire      #....        9%          1    #......

Your spell library contained the following spells:

 Spells                   Type           Power        Failure   Level  Hunger
 Throw Flame              Conj/Fire      #.....       12%         2    ###....
 Conjure Flame            Conj/Fire      #.......     24%         3    ###....
 Inner Flame              Hex/Fire       #.......     32%         3    ###....
 Sticky Flame             Conj/Fire      #.......     63%         4    #####..
 Fireball                 Conj/Fire      #.........   92%         5    ######.


Dungeon Overview and Level Annotations

Branches:
Dungeon (1/15)

Altars:


Innate Abilities, Weirdness & Mutations

You sometimes gain a little power by taking damage.


Message History

You now have 1/3 mp.
Casting: Flame Tongue (safe; 9% risk of failure)
Confirm with . or Enter, or press ? or * to list all spells.
Aiming: Flame Tongue (safe; 9% risk of failure)
Press: ? - help, Shift-Dir - straight line, f - bat
Aim: a bat The flame tongue misses the bat.
The bat barely misses you.
You now have 0/3 mp.
Casting: Flame Tongue (safe; 9% risk of failure)
Confirm with . or Enter, or press ? or * to list all spells.
You don't have enough magic to cast that spell.
Unknown command.
The bat hits you.
You take 1 damage, and have 12/13 hp.
The bat hits you but does no damage. x2
You barely miss the bat. The bat closely misses you. x2
The bat hits you but does no damage.
Health restored: 13 You closely miss the bat.
The bat closely misses you. The bat hits you but does no damage.
You miss the bat. The bat barely misses you.
You closely miss the bat. The bat hits you.
The bat hits you but does no damage.
You take 1 damage, and have 12/13 hp.
You barely miss the bat. The bat hits you but does no damage. x2
You barely miss the bat. The bat hits you.
You take 1 damage, and have 11/13 hp.
The bat hits you but does no damage.
Casting: Flame Tongue (safe; 9% risk of failure)
Confirm with . or Enter, or press ? or * to list all spells.
Aiming: Flame Tongue (safe; 9% risk of failure)
Press: ? - help, Shift-Dir - straight line, f/p - bat
Aim: a bat The flame tongue hits the bat.
You kill the bat!
You now have 0/3 mp.
You butcher the bat corpse.
h - a chunk of flesh You see here a bat skeleton. x2
Health restored: 13; MP restored: 3 A leopard gecko comes into view.
The leopard gecko hisses angrily.
A leopard gecko is nearby!
A leopard gecko is nearby!
A goblin comes into view.
The goblin shouts!
A gnoll comes into view. It is wielding a +0 whip.
The gnoll shouts!
Unknown command.
Casting: Flame Tongue (safe; 9% risk of failure)
Confirm with . or Enter, or press ? or * to list all spells.
Aiming: Flame Tongue (safe; 9% risk of failure)
Press: ? - help, Shift-Dir - straight line, f - leopard gecko
Aim: a leopard gecko You miscast Flame Tongue.
You are very lightly contaminated with residual magic.
Sparks fly from your hands! The leopard gecko misses you.
You now have 2/3 mp.
Casting: Flame Tongue (safe; 9% risk of failure)
Confirm with . or Enter, or press ? or * to list all spells.
Aiming: Flame Tongue (safe; 9% risk of failure)
Press: ? - help, Shift-Dir - straight line, f/p - leopard gecko
Aim: a leopard gecko The flame tongue hits the leopard gecko.
The leopard gecko is lightly wounded.
The leopard gecko bites you.
You take 3 damage, and have 10/13 hp.
MASSIVE DAMAGE!!
You now have 1/3 mp.
Casting: Flame Tongue (safe; 9% risk of failure)
Confirm with . or Enter, or press ? or * to list all spells.
Aiming: Flame Tongue (safe; 9% risk of failure)
Press: ? - help, Shift-Dir - straight line, f/p - leopard gecko
Aim: a leopard gecko The flame tongue hits the leopard gecko.
You kill the leopard gecko!
You have reached level 2!
Your demonic ancestry asserts itself...
You feel energised by your suffering.
You regained 5 hp, and now have 15/19 hp.
You now have 0/5 mp.
Unknown command.
The goblin hits you.
You see here a leopard gecko corpse.
You take 1 damage, and have 14/19 hp.
The goblin barely misses you.
You hit the goblin but do no damage. The goblin hits you.
The gnoll closely misses you.
You take 1 damage, and have 13/19 hp.
You barely miss the goblin. The goblin hits you but does no damage.
The gnoll hits you with a +0 whip. The goblin barely misses you.
You take 3 damage, and have 10/19 hp.
You hit the goblin.
You kill the goblin!
The gnoll hits you with a +0 whip.
* * * LOW HITPOINT WARNING * * *
You take 3 damage, and have 7/19 hp.
The gnoll hits you with a +0 whip.
* * * LOW HITPOINT WARNING * * *
You take 2 damage, and have 5/19 hp.
The gnoll hits you with a +0 whip!
You die...

██.....
PP.PPPPPPP÷..........█
.....
.....P...P............█
.....
P.P.P.PPP.........██[█
..... P.P...P...........█
█
.....PPP.P.P.P.P███████.██
.....P.P...P█ ...


.█PPPPPPP.PPP█ ... ........g..██████ █.██....@....... █............
█............ █............ █.██.██...... █. █.█ ██████ █. █.█ █. █.█ You could
see a gnoll.

Vanquished Creatures
  A dart slug (D:1)
  2 leopard geckos (D:1)
  2 goblins (D:1)
  A bat (D:1)
  A kobold (D:1)
7 creatures vanquished.

Vanquished Creatures (others)
  3 toadstools (D:1)
3 creatures vanquished.

Grand Total: 10 creatures vanquished

Notes
Turn   | Place    | Note
-------+----------+-------------------------------------------
     0 | D:1      | Goblin1989 the Demonspawn Fire Elementalist began the quest
                  | for the Orb.
     0 | D:1      | Reached XP level 1. HP: 13/13 MP: 3/3
     6 | D:1      | Noticed a wyvern
     6 | D:1      | Noticed a black bear
     7 | D:1      | Noticed a killer bee
   535 | D:1      | Gained mutation: You sometimes gain a little power by
                  | taking damage. [demonic ancestry]
   535 | D:1      | Reached XP level 2. HP: 15/19 MP: 0/5
   542 | D:1      | Slain by a gnoll

Action                   || total
-------------------------++-------
Melee: Whip              ||     9
 Cast: Flame Tongue      ||    15
Armor: Robe              ||    12
Dodge: Dodged            ||    15

Levels and vault maps discovered:
D:1:      onia_arrival_zoo_common, layout_basic, minmay_hedge_maze,
          minmay_gold_behind_fungi, st_stairs_2, minivault_14
